 Dungeon Crawl Stone Soup version 0.23.2-32-g37ab1d4649 (webtiles) character file.

Game seed: 1352686828797038210

114 Mrkan the Cudgeler (level 4, 0/30 HPs)
             Began as a Gargoyle Monk on June 25, 2019.
             Killed from afar by an orc wizard (4 damage)
             ... with a magic dart
             ... on level 3 of the Dungeon.
             The game lasted 00:06:37 (1629 turns).

Mrkan the Cudgeler (Gargoyle Monk)                  Turns: 1629, Time: 00:06:37

Health: 0/30       AC:  5    Str: 16    XL:     4   Next: 97%
Magic:  4/4        EV: 12    Int: 10    God:
Gold:   94         SH:  0    Dex: 12    Spells: 3/3 levels left

rFire    . . .     SeeInvis .   m - +1 whip (flame)
rCold    . . .     Gourm    .   (no shield)
rNeg     + . .     Faith    .   b - +0 robe
rPois    ∞         Spirit   .   (no helmet)
rElec    +         Reflect  .   (no cloak)
rCorr    .         Harm     .   (no gloves)
MR       .....                  (no boots)
Stlth    ++........             (no amulet)
HPRegen  0.10/turn              (no ring)
MPRegen  0.09/turn              (no ring)

@: no status effects
A: negative energy resistance 1, electricity resistance, unbreathing,
petrification resistance, rot immunity, AC +3
a: no special abilities


You were on level 3 of the Dungeon.
You were hungry.

You visited 1 branch of the dungeon, and saw 3 of its levels.

You collected 94 gold pieces.

Inventory:

Hand Weapons
 m - a +1 whip of flaming (weapon)
Armour
 b - a +0 robe (worn)
Jewellery
 e - an uncursed ring of protection from cold {unknown}
 l - an uncursed ring of stealth {unknown}
 n - a +5 amulet of reflection {unknown}
Scrolls
 f - 2 scrolls of amnesia {unknown}
 g - a scroll of remove curse {unknown}
 i - a scroll of enchant weapon {unknown}
 j - a scroll of identify {unknown}
Potions
 a - a potion of flight {unknown}
 d - a potion of brilliance {unknown}
 k - a potion of heal wounds {unknown}
Comestibles
 c - 3 rations


   Skills:
 + Level 4.3 Fighting
 * Level 4.8 Maces & Flails
 - Level 2.4 Dodging
 - Level 2.1 Stealth


You had 3 spell levels left.
You didn't know any spells.
Your spell library was empty.

Dungeon Overview and Level Annotations

Branches:
Dungeon (3/15)

Altars:
Elyvilon
Kikubaaqudgha
Makhleb
Ru
Xom

Annotations:
D:2 Robin


Innate Abilities, Weirdness & Mutations

You are resistant to torment.
Your stone body is resilient. (AC +3)
You are immune to poison.
You resist negative energy. (rN+)
You are resistant to electric shocks. (rElec)
You can survive without breathing.
You are immune to petrification.
You are immune to rotting.


Message History

The orc wizard hits you but does no damage.
You hit the orc wizard. You burn the orc wizard.
The orc wizard is heavily wounded.
The orc wizard hits you but does no damage.
You completely miss the orc wizard.
The orc wizard is heavily wounded.
The orc wizard casts a spell at you. The magic dart hits you!
* * * LOW HITPOINT WARNING * * *
You miss the orc wizard.
The orc wizard is heavily wounded.
The orc wizard completely misses you. The orc wizard misses you.
You barely miss the orc wizard.
The orc wizard is heavily wounded.
The orc wizard closely misses you.
You hit the orc wizard. You burn the orc wizard.
The orc wizard is severely wounded.
The orc wizard casts a spell at you. The magic dart hits you.
You die...

######### #.......###
#.......#..
#.......#.##########
#.<.....#.##........
#######.......#.##........
#.....'..>.o@.'...........
#.#####.......#.##........
#####.#####.......#.##........
.........##.......#.##........
.#####.#..........#.##..^...[.
.##..[............#.##.o......
.##............####.##..o.....
...............# #.# ..o....
..####.........####.##


You could see an orc wizard.

Vanquished Creatures
  A crimson imp (D:3)
  A gnoll (D:2)
  2 adders
  A worm (D:3)
  A dart slug (D:1)
  2 leopard geckos
  An orc (D:3)
  A ball python (D:3)
  4 bats
  2 giant cockroaches
  4 goblins
  6 hobgoblins
  2 quokkas (D:2)
  3 frilled lizards
  7 kobolds
  3 rats
41 creatures vanquished.

Vanquished Creatures (others)
  4 toadstools (D:2)
4 creatures vanquished.

Grand Total: 45 creatures vanquished

Notes
Turn   | Place    | Note
-------+----------+-------------------------------------------
     0 | D:1      | Mrkan the Gargoyle Monk began the quest for the Orb.
     0 | D:1      | Reached XP level 1. HP: 14/14 MP: 1/1
   355 | D:1      | Reached XP level 2. HP: 16/19 MP: 2/2
   786 | D:2      | Reached XP level 3. HP: 8/24 MP: 3/3
  1105 | D:2      | Noticed Robin
  1130 | D:3      | Reached XP level 4. HP: 16/29 MP: 4/4
  1253 | D:3      | Found a shimmering altar of Xom.
  1255 | D:3      | Found a burning altar of Makhleb.
  1480 | D:3      | Found a white marble altar of Elyvilon.
  1480 | D:3      | Found a sacrificial altar of Ru.
  1480 | D:3      | Found an ancient bone altar of Kikubaaqudgha.
  1629 | D:3      | Killed from afar by an orc wizard

Skill      XL: |  1  2  3 |
---------------+----------+-----
Maces & Flails | 4 |  4.8
Fighting       | 4 |  4.3
Dodging        | |  2.4
Stealth        | |  2.1

Action                   |  1- 3 |  4- 6 || total
-------------------------+-------+-------++-------
Melee: Mace              |   106 |    51 ||   157
       Whip              |       |    16 ||    16
 Stab: Sleeping          |     2 |     2 ||     4
  Eat: Chunk             |     1 |     1 ||     2
Armor: Robe              |    44 |    22 ||    66
Dodge: Dodged            |   106 |    32 ||   138
